 Dungeon Crawl Stone Soup version 0.31.0-32-g396128a36d (webtiles) character file.

Game seed: 808983950365859786

498 PaiMei the Grave Robber (level 6, -4/47 HPs)
             Began as a Demonspawn Necromancer on Apr 6, 2024.
             Killed by nerve-wracking pain
             ... invoked by Grinder
              (14 damage)
             ... while paralysed by Grinder
             ... on level 4 of the Dungeon.
             The game lasted 00:08:51 (6032 turns).

PaiMei the Grave Robber (Demonspawn Necromancer)    Turns: 6032, Time: 00:08:52

Health: -4/47      AC:  6    Str: 15    XL:     6   Next: 94%
Magic:  9/11       EV:  2    Int: 17    God:
Gold:   238        SH:  0    Dex: 13    Spells: 8/12 levels left

rFire   + . .        e - +2 short sword (freeze)
rCold   . . .        n - +0 buckler
rNeg    . . .        q - +0 ring mail {rF+}
rPois   .            (no helmet)
rElec   .            (no cloak)
rCorr   .            s - +0 pair of gloves
SInv    .            (no boots)
Will    .....        g - amulet of reflection
Stlth   +            c - +6 ring of strength
HPRegen 0.27/turn    (no ring)
MPRegen 0.12/turn

%: reflection
@: paralysed, mighty, invisible
A: powered by pain 2
a: no special abilities


You were on level 4 of the Dungeon.
You visited 1 branch of the dungeon, and saw 5 of its levels.

You collected 238 gold pieces.

Inventory:

Hand Weapons
 e - a +2 short sword of freezing (weapon)
 k - a +0 dagger of venom
Missiles
 r - 6 poisoned darts (quivered)
Armour
 n - a +0 buckler (worn)
 q - a +0 ring mail of fire resistance (worn)
 s - a +0 pair of gloves (worn)
 v - the +8 chain mail "Matzav" {Fly Str-2 Int+9 Stlth-}
   (You found it on level 5 of the Dungeon)

   Str-2:     It affects your strength (-2).
   Int+9:     It affects your intelligence (+9).
   Fly:       It grants you flight.
   Stlth-:    It makes you less stealthy.
Jewellery
 c - a +6 ring of strength (left hand)
 g - an amulet of reflection (around neck)
Scrolls
 a - 2 scrolls of fog {unknown}
 h - a scroll of butterflies {unknown}
 i - 2 scrolls of enchant weapon {unknown}
 j - 2 scrolls of acquirement {unknown}
 o - 6 scrolls of identify {unknown}
 p - a scroll of enchant armour {unknown}
 t - a scroll of noise {unknown}
 u - a scroll of vulnerability {unknown}
Potions
 b - 2 potions of magic
 d - a potion of curing
 l - 2 potions of enlightenment {unknown}
 m - a potion of degeneration


   Skills:
 + Level 3.1 Fighting
 + Level 3.6 Dodging
 - Level 2.2 Stealth
 + Level 3.8 Spellcasting
 + Level 5.9 Necromancy


You had 8 spell levels left.
You knew the following spells:

 Your Spells              Type           Power      Damage    Failure   Level
a - Necrotise             Necr           92%        1d8       4%          1
b - Vampiric Draining     Necr           23%        2d7       12%         3

Your spell library contained the following spells:

 Spells                   Type           Power      Damage    Failure   Level
 Animate Dead             Necr           23%        N/A       36%         4
 Foxfire                  Conj/Fire      12%        2x1d4     41%         1
 Curse of Agony           Necr           23%        N/A       73%         5
 Hailstorm                Conj/Ice       3%         3d5       80%         3
 Summon Ice Beast         Ice/Summ       3%         N/A       80%         3
 Plasma Beam              Fire/Air       1%         2x1d11    100%        6
 Sculpt Simulacrum        Ice/Alch       1%         N/A       100%        6
 Starburst                Conj/Fire      1%         6d3       100%        6


Dungeon Overview and Level Annotations

Branches:
Dungeon (5/15)
 Temple: D:4-7

Altars:

Annotations:
D:4 Grinder


Innate Abilities, Weirdness & Mutations

You sometimes gain power by taking damage.


Message History

Grinder hits you.
You writhe in agony.
You barely miss Grinder.
Grinder is lightly wounded.
Grinder closely misses you.
You hit Grinder.
Grinder is moderately wounded.
Grinder gestures at you. Pain shoots through your body!
You barely miss Grinder.
Grinder is moderately wounded.
Grinder hits you!
You writhe in agony.
You barely miss Grinder.
Grinder is moderately wounded.
You block Grinder's attack.
You hit Grinder.
Grinder is moderately wounded.
Grinder gestures at you. Pain shoots through your body!
* * * LOW HITPOINT WARNING * * *
You focus on the pain.
You feel very mighty all of a sudden.
You aren't carrying any items that you can evoke.
Unknown command.
You puncture Grinder!
Grinder is heavily wounded.
You block Grinder's attack.
It was a potion of invisibility.
You fade into invisibility!
Grinder closely misses you.
You puncture Grinder!
Grinder is severely wounded.
Grinder hits you but does no damage.
You puncture Grinder!
Grinder is almost dead.
Grinder gestures at you.
You suddenly lose the ability to move!
Grinder gestures at you. Pain shoots through your body!
You die...
Grinder says, "Hey, I wasn't done torturing you yet!"

.....####.....####.#
#.#####
.....###.......#...#
###.#....
.......#..._.....###
#...#....
.....###.......###
#.###.... ##...# ##.....##
#.# #.... #...#
###...##### #.###....
#...#
#.#####...########...###..
#####
#......##.#......###.###..
#......##@#......#...##...
#......##5#......#.####.#.
#.....[##.#......#......#.
#......##........####..(#.
#......######.######..#.#.
######## #....##..##.#.
####.(.)##.... ####>......
####....


You could see Grinder (unable to see you).

Vanquished Creatures
  An orc warrior (D:4)
  An ogre (D:5)
  A kobold brigand (D:3)
  A howler monkey (D:3)
  2 iguanas (D:5)
  7 adders
  2 ufetubi
  3 dart slugs
  A ribbon worm (D:2)
  13 orcs
  3 ball pythons
  2 bats (D:2)
  6 endoplasms
  A giant cockroach (D:3)
  6 goblins
  3 hobgoblins
  8 kobolds
  7 quokkas
  3 frilled lizards
  2 rats
73 creatures vanquished.

Notes
Turn   | Place    | Note
-------+----------+-------------------------------------------
     0 | D:1      | PaiMei the Demonspawn Necromancer began the quest for the
                  | Orb.
     0 | D:1      | Reached XP level 1. HP: 13/13 MP: 3/3
   188 | D:1      | Gained mutation: You sometimes gain a little power by
                  | taking damage. [demonic ancestry]
   188 | D:1      | Reached XP level 2. HP: 6/19 MP: 0/5
  1273 | D:2      | Reached XP level 3. HP: 24/25 MP: 1/6
  1277 | D:2      | Learned a level 3 spell: Vampiric Draining
  1718 | D:2      | Found a faded altar of an unknown god.
  2115 | D:3      | Noticed a kobold brigand
  2373 | D:3      | Reached skill level 1 in Fighting
  2373 | D:3      | Reached skill level 5 in Necromancy
  2373 | D:3      | Reached XP level 4. HP: 24/32 MP: 0/8
  3040 | D:2      | HP: 1/31 [poisoned by a kobold brigand]
  3641 | D:3      | Killed a kobold brigand
  3642 | D:3      | Reached XP level 5. HP: 13/38 MP: 1/9
  4486 | D:4      | Noticed Grinder
  4505 | D:4      | Paralysed by Grinder for 5 turns
  5171 | D:5      | Entered Level 5 of the Dungeon
  5215 | D:5      | Identified the +8 chain mail "Matzav" {Fly Str-2 Int+9
                  | Stlth-}
  5251 | D:5      | Noticed an ogre
  5366 | D:5      | Gained mutation: You sometimes gain power by taking damage.
                  | [demonic ancestry]
  5366 | D:5      | Reached XP level 6. HP: 46/46 MP: 5/11
  5887 | D:5      | Noticed an orc warrior
  5967 | D:4      | Killed an orc warrior
  6031 | D:4      | Paralysed by Grinder for 2 turns
  6032 | D:4      | Killed from afar by Grinder

Illustrated notes

Levels and vault maps discovered:
D:1:      dpeg_arrival_another_circle, layout_basic
D:2:      layout_loops_ring, shapermc_ecumenical_altar_mp_urbaneastern,
          minmay_liquid_box
D:3:      layout_basic, kennysheep_cross_bottleneck, serial_bayou_pond_b
D:4:      layout_basic, lemuel_round_altar, minmay_misc_feat_roman, uniq_grinder
D:5:      layout_loops_ring, hex_medium, st_stairs_3

Skill      XL: |  1  2  3  4  5  6 |
---------------+-------------------+-----
Dodging        | 2 3 |  3.6
Stealth        | 2 |  2.2
Fighting       | 1 2 3 |  3.1
Necromancy     | 5 |  5.9
Spellcasting   | 3 |  3.8

Action                     |  1- 3 |  4- 6 || total
---------------------------+-------+-------++-------
  Melee: Dagger            |    10 |       ||    10
         Punch             |     1 |       ||     1
         Short sword       |    11 |    46 ||    57
   Cast: Necrotise         |    69 |    85 ||   154
         Vampiric Draining |       |     7 ||     7
    Use: Potion            |       |     4 ||     4
         Scroll            |       |     1 ||     1
   Stab: Distracted        |       |     1 ||     1
 Armour: Robe              |    18 |    21 ||    39
         Ring mail         |       |    23 ||    23
  Dodge: Dodged            |    14 |    38 ||    52
  Block: Buckler           |       |    21 ||    21
